BSA
BAFFIN ISLAND BEAVERS @ IRVINE GANG GREEN
10/04/2025
 
TOP OF THE 1ST
Baffin Island Beavers batting - Pitching for Irvine Gang Green : RHP Jung Chwa
Pitching: RHP Jung Chwa
Batting: LHB Chris Bates 0-0: Ball
1-0: Foul Ball, location: 2F
1-1: Fly out, F3 (Line Drive, 3L)
Batting: SHB Alonso Ferreira 0-0: Foul Ball, location: 2F
0-1: Fly out, F8 (Popup, 8RS)
Batting: LHB Lorenzo Villa 0-0: Ball
1-0: Swinging Strike
1-1: Ground out 4-3 (Groundball, 4)
Top of the 1st over - 0 run(s), 0 hit(s), 0 error(s), 0 left on base; Baffin Island 0 - Irvine 0
BOTTOM OF THE 1ST
Irvine Gang Green batting - Pitching for Baffin Island Beavers : RHP Mang Tow
Pitching: RHP Mang Tow
Batting: LHB Tony Tavárez 0-0: Ball
1-0: Swinging Strike
1-1: Ball
2-1: Ball
3-1: Called Strike
3-2: Base on Balls
Batting: LHB Leonardo Medina 0-0: Ball
1-0: Fly out, F9 (Flyball, 89XD)
Batting: LHB Víctor Quiñones 0-0: Ball
Tony Tavárez is caught stealing 2nd base
1-0: Ball
2-0: Foul Ball, location: 2F
2-1: Ground out 4-3 (Groundball, 4)
Bottom of the 1st over - 0 run(s), 0 hit(s), 0 error(s), 0 left on base; Baffin Island 0 - Irvine 0
TOP OF THE 2ND
Baffin Island Beavers batting - Pitching for Irvine Gang Green : RHP Jung Chwa
Batting: RHB Tony Morton 0-0: Ball
1-0: Called Strike
1-1: Foul Ball, location: 2F
1-2: Ball
2-2: Foul Ball, location: 2F
2-2: SINGLE (Groundball, 6MD)
Batting: LHB Mario García 0-0: Called Strike
0-1: Ball
1-1: Ball
2-1: Foul Ball, location: 2F
2-2: Ball
3-2: Foul Ball, location: 2F
3-2: Ground out 3-1 (Groundball, 34)
Tony Morton to second
Batting: RHB José García 0-0: Hit by Pitch
Batting: RHB Dave Craig 0-0: Ball
1-0: Ball
2-0: Called Strike
2-1: Swinging Strike
2-2: Grounds into double play, 1-6-3 (Groundball, 15)
Top of the 2nd over - 0 run(s), 1 hit(s), 0 error(s), 1 left on base; Baffin Island 0 - Irvine 0
BOTTOM OF THE 2ND
Irvine Gang Green batting - Pitching for Baffin Island Beavers : RHP Mang Tow
Batting: RHB Manny Copriviza 0-0: Ball
1-0: Ground out 4-3 (Groundball, 4)
Batting: RHB Eichiro Yamamoto 0-0: Ground out 4-3 (Groundball, 4MS)
Batting: RHB Santo Cruz 0-0: Called Strike
0-1: Ball
1-1: Ball
2-1: Called Strike
2-2: Ball
3-2: Foul Ball, location: 2F
3-2: Base on Balls
Batting: RHB José Salazar 0-0: Called Strike
0-1: Foul Ball, location: 2F
0-2: Ball
1-2: Foul Ball, location: 2F
1-2: Ground out 1-3 (Groundball, 13S)
Bottom of the 2nd over - 0 run(s), 0 hit(s), 0 error(s), 1 left on base; Baffin Island 0 - Irvine 0
TOP OF THE 3RD
Baffin Island Beavers batting - Pitching for Irvine Gang Green : RHP Jung Chwa
Batting: LHB Keng-chi Lao 0-0: DOUBLE (Line Drive, 89M)
Batting: LHB Victor Howard 0-0: Ball
1-0: Ball
2-0: Ground out 4-3 (Groundball, 34D)
Keng-chi Lao to third
Batting: LHB Chris Bates 0-0: SINGLE (Groundball, 6MD)
Keng-chi Lao scores
Batting: SHB Alonso Ferreira 0-0: Called Strike
Chris Bates steals 2nd base
0-1: Ball
1-1: Foul Ball, location: 2F
1-2: Ball
2-2: Foul Ball, location: 2F
2-2: Ball
3-2: Foul Ball, location: 2F
3-2: SINGLE (Groundball, 6M)
Chris Bates to third
Runner from 3rd tries for Home, SAFE, no throw or cutoff
Batting: LHB Lorenzo Villa 0-0: Ball
1-0: Foul Ball, location: 2F
1-1: Ball
2-1: Ball
3-1: Called Strike
3-2: Foul Ball, location: 2F
3-2: Foul Ball, location: 2F
3-2: Foul Ball, location: 2F
3-2: Fly out, F6 (Popup, 78S)
Batting: RHB Tony Morton 0-0: Called Strike
Alonso Ferreira steals 2nd base
0-1: Ground out 4-3 (Groundball, 4)
Top of the 3rd over - 2 run(s), 3 hit(s), 0 error(s), 1 left on base; Baffin Island 2 - Irvine 0
BOTTOM OF THE 3RD
Irvine Gang Green batting - Pitching for Baffin Island Beavers : RHP Mang Tow
Batting: LHB Bill Murphy 0-0: Ball
1-0: Ground out U3 (Groundball, 3S)
Batting: RHB Tom Doherty 0-0: Ball
1-0: Foul Ball, location: 2F
1-1: SINGLE (Line Drive, 7S)
Batting: LHB Tony Tavárez 0-0: Ball
1-0: Ball
2-0: Fielders Choice at 2nd, 4-6 (Groundball, 34)
Batting: LHB Leonardo Medina 0-0: Ball
1-0: Ball
2-0: Called Strike
2-1: Called Strike
Tony Tavárez steals 2nd base
2-2: Foul Ball, location: 2F
2-2: Ball
3-2: Ground out 4-3 (Groundball, 4)
Bottom of the 3rd over - 0 run(s), 1 hit(s), 0 error(s), 1 left on base; Baffin Island 2 - Irvine 0
TOP OF THE 4TH
Baffin Island Beavers batting - Pitching for Irvine Gang Green : RHP Jung Chwa
Batting: LHB Mario García 0-0: Called Strike
0-1: Ball
1-1: Ball
2-1: Ball
3-1: Fly out, F8 (Flyball, 78D)
Batting: RHB José García 0-0: Called Strike
0-1: Foul Ball, location: 2F
0-2: Foul Ball, location: 2F
0-2: Ball
1-2: Foul Ball, location: 2F
1-2: Ball
2-2: Foul Ball, location: 2F
2-2: Ball
3-2: Fly out, F3 (Line Drive, 34)
Batting: RHB Dave Craig 0-0: Foul Ball, location: 2F
0-1: Swinging Strike
0-2: Fly out, F6 (Line Drive, 6)
Top of the 4th over - 0 run(s), 0 hit(s), 0 error(s), 0 left on base; Baffin Island 2 - Irvine 0
BOTTOM OF THE 4TH
Irvine Gang Green batting - Pitching for Baffin Island Beavers : RHP Mang Tow
Batting: LHB Víctor Quiñones 0-0: Ball
1-0: Ball
2-0: Called Strike
2-1: Called Strike
2-2: Foul Ball, location: 2F
2-2: Strikes out looking
Batting: RHB Manny Copriviza 0-0: Hit by Pitch
Batting: RHB Eichiro Yamamoto 0-0: Ball
1-0: Called Strike
1-1: Called Strike
1-2: Strikes out looking
Batting: RHB Santo Cruz 0-0: SINGLE (Groundball, 6M)
Manny Copriviza to second
Batting: RHB José Salazar 0-0: Ball
1-0: Ball
2-0: Ball
3-0: Base on Balls
Manny Copriviza to third
Santo Cruz to second
Batting: LHB Bill Murphy 0-0: SINGLE (Groundball, 4MD)
Manny Copriviza scores
Santo Cruz to third
José Salazar to second
Runner from 3rd tries for Home, SAFE, no throw or cutoff
Batting: RHB Tom Doherty 0-0: Ball
1-0: Ground out 1-3 (Groundball, 15)
Bottom of the 4th over - 2 run(s), 2 hit(s), 0 error(s), 2 left on base; Baffin Island 2 - Irvine 2
TOP OF THE 5TH
Baffin Island Beavers batting - Pitching for Irvine Gang Green : RHP Jung Chwa
Batting: LHB Keng-chi Lao 0-0: Called Strike
0-1: Ball
1-1: Foul Ball, location: 2F
1-2: Ground out 1-3 (Groundball, 25)
Batting: LHB Victor Howard 0-0: Ground out 1-3 (Groundball, 13S)
Batting: LHB Chris Bates 0-0: SINGLE (Groundball, 34D)
Batting: SHB Alonso Ferreira 0-0: Ball
Chris Bates steals 2nd base
1-0: Ball
2-0: Ball
3-0: Base on Balls
Batting: LHB Lorenzo Villa 0-0: Ball
1-0: SINGLE (Line Drive, 89S)
Chris Bates to third
Alonso Ferreira to second
Runner from 3rd tries for Home, SAFE, no throw or cutoff
Batting: RHB Tony Morton 0-0: Called Strike
0-1: Ball
1-1: Ball
2-1: Called Strike
2-2: Ball
3-2: SINGLE (Line Drive, 7LS)
Alonso Ferreira to third
Lorenzo Villa to second
Alonso Ferreira scores
Lorenzo Villa to third
Batting: LHB Mario García 0-0: Ball
1-0: Ball
2-0: Foul Ball, location: 2F
2-1: Fly out, F8 (Flyball, 8LD)
Top of the 5th over - 2 run(s), 3 hit(s), 0 error(s), 2 left on base; Baffin Island 4 - Irvine 2
BOTTOM OF THE 5TH
Irvine Gang Green batting - Pitching for Baffin Island Beavers : RHP Mang Tow
Batting: LHB Tony Tavárez 0-0: Ball
1-0: Called Strike
1-1: Foul Ball, location: 2F
1-2: Fly out, F7 (Line Drive, 78D)
Batting: LHB Leonardo Medina 0-0: Foul Ball, location: 2F
0-1: Ball
1-1: Ball
2-1: Foul Ball, location: 2F
2-2: Ground out 3-1 (Groundball, 34)
Batting: LHB Víctor Quiñones 0-0: Swinging Strike
0-1: Ball
1-1: Foul Ball, location: 2F
1-2: Foul Ball, location: 2F
1-2: Strikes out looking
Bottom of the 5th over - 0 run(s), 0 hit(s), 0 error(s), 0 left on base; Baffin Island 4 - Irvine 2
TOP OF THE 6TH
Baffin Island Beavers batting - Pitching for Irvine Gang Green : RHP Jung Chwa
Batting: RHB José García 0-0: Ball
1-0: DOUBLE (Flyball, 8RXD)
Batting: RHB Dave Craig 0-0: Ball
1-0: Called Strike
1-1: Called Strike
1-2: Fly out, F3 (Popup, 3SF)
Batting: LHB Keng-chi Lao 0-0: Ground out 2-3 (Groundball, 2L)
José García to third
Batting: LHB Victor Howard 0-0: Foul Ball, location: 2F
0-1: Ball
1-1: Foul Ball, location: 2F
1-2: Strikes out swinging
Top of the 6th over - 0 run(s), 1 hit(s), 0 error(s), 1 left on base; Baffin Island 4 - Irvine 2
BOTTOM OF THE 6TH
Irvine Gang Green batting - Pitching for Baffin Island Beavers : RHP Mang Tow
Batting: RHB Manny Copriviza 0-0: Swinging Strike
0-1: Ball
1-1: Foul Ball, location: 2F
1-2: Ball
2-2: Ball
3-2: Ground out 6-3 (Groundball, 6)
Batting: RHB Eichiro Yamamoto 0-0: Ball
1-0: Ball
2-0: Swinging Strike
2-1: Ball
3-1: Foul Ball, location: 2F
3-2: Strikes out swinging
Batting: RHB Santo Cruz 0-0: Swinging Strike
0-1: Foul Ball, location: 2F
0-2: Ball
1-2: Ball
2-2: Ground out 6-3 (Groundball, 6)
Bottom of the 6th over - 0 run(s), 0 hit(s), 0 error(s), 0 left on base; Baffin Island 4 - Irvine 2
TOP OF THE 7TH
Baffin Island Beavers batting - Pitching for Irvine Gang Green : RHP Jung Chwa
Batting: LHB Chris Bates 0-0: Foul Ball, location: 2F
0-1: Fly out, F8 (Flyball, 8RS)
Batting: SHB Alonso Ferreira 0-0: Ball
1-0: Ground out 1-3 (Groundball, 15)
Batting: LHB Lorenzo Villa 0-0: Ground out 4-3 (Groundball, 4)
Top of the 7th over - 0 run(s), 0 hit(s), 0 error(s), 0 left on base; Baffin Island 4 - Irvine 2
BOTTOM OF THE 7TH
Irvine Gang Green batting - Pitching for Baffin Island Beavers : RHP Mang Tow
Batting: RHB José Salazar 0-0: Ground out 5-3 (Groundball, 5)
Batting: LHB Bill Murphy 0-0: Ball
1-0: Called Strike
1-1: Ball
2-1: Foul Ball, location: 2F
2-2: Ground out 1-3 (Groundball, 15S)
Batting: RHB Tom Doherty 0-0: Ball
1-0: Called Strike
1-1: Foul Ball, location: 2F
1-2: Ground out 6-3 (Groundball, 6)
Bottom of the 7th over - 0 run(s), 0 hit(s), 0 error(s), 0 left on base; Baffin Island 4 - Irvine 2
TOP OF THE 8TH
Baffin Island Beavers batting - Pitching for Irvine Gang Green : RHP Jung Chwa
Pitching: RHP Kuang-yin Yue
Batting: RHB Tony Morton 0-0: Called Strike
0-1: Ground out 6-3 (Groundball, 6)
Batting: LHB Mario García 0-0: Ball
1-0: Ball
2-0: Ball
3-0: Called Strike
3-1: DOUBLE (Groundball, 5L)
Batting: RHB José García 0-0: Called Strike
0-1: Ball
1-1: Ground out 6-3 (Groundball, 6)
Mario García to third
Batting: RHB Dave Craig 0-0: Ball
1-0: Ball
2-0: Called Strike
2-1: Called Strike
2-2: Ball
3-2: Foul Ball, location: 2F
3-2: Base on Balls
Pitching: LHP Yu-shu Kong
Batting: LHB Keng-chi Lao 0-0: Foul Ball, location: 2F
0-1: Ball
1-1: Fly out, F4 (Line Drive, 4)
Top of the 8th over - 0 run(s), 1 hit(s), 0 error(s), 2 left on base; Baffin Island 4 - Irvine 2
BOTTOM OF THE 8TH
Irvine Gang Green batting - Pitching for Baffin Island Beavers : RHP Mang Tow
Batting: LHB Tony Tavárez 0-0: Ball
1-0: Foul Ball, location: 2F
1-1: Ball
2-1: SINGLE (Flyball, 7S)
Pitching: LHP José Bamuelos
Batting: LHB Leonardo Medina 0-0: Ball
1-0: Called Strike
1-1: Ball
2-1: Foul Ball, location: 2F
2-2: Ball
3-2: Ground out U3 (Groundball, 3S)
Tony Tavárez to second
Pitching: RHP Bartolo García
Batting: LHB Víctor Quiñones 0-0: Ground out 4-3 (Groundball, 4)
Tony Tavárez to third
Batting: RHB Manny Copriviza 0-0: SINGLE (Groundball, 56D)
Tony Tavárez scores
Pinch Hitting: LHB Luis Padilla 0-0: Ball
1-0: Called Strike
1-1: Foul Ball, location: 2F
1-2: Ball
2-2: Ball
3-2: Foul Ball, location: 2F
3-2: Reached on error, E4 (Groundball, 4)
Manny Copriviza to second
Pinch Hitting: SHB Ramón Lugo 0-0: Called Strike
0-1: Foul Ball, location: 2F
0-2: Foul Ball, location: 2F
0-2: Ball
1-2: Ground out U3 (Groundball, 3)
Bottom of the 8th over - 1 run(s), 2 hit(s), 1 error(s), 2 left on base; Baffin Island 4 - Irvine 3
TOP OF THE 9TH
Baffin Island Beavers batting - Pitching for Irvine Gang Green : LHP Yu-shu Kong
Pitching: RHP Mike Fisher
Now at 2B: Ramón Lugo
Now in RF: Luis Padilla
Batting: LHB Victor Howard 0-0: Ball
1-0: Ball
2-0: Foul Ball, location: 2F
2-1: Foul Ball, location: 2F
2-2: SINGLE (Groundball, 34)
Pitching: LHP Howard Bailey
Batting: LHB Chris Bates 0-0: Ball
1-0: Foul Ball, location: 2F
1-1: Called Strike
1-2: Ball
2-2: Foul Ball, location: 2F
2-2: DOUBLE (Flyball, 9D)
Victor Howard to third
Batting: SHB Alonso Ferreira 0-0: Intentional Walk
Pitching: RHP Raúl Saltines
Batting: LHB Lorenzo Villa 0-0: Called Strike
0-1: Swinging Strike
0-2: Ball
1-2: Ball
2-2: DOUBLE (Flyball, 89XD)
Victor Howard scores
Chris Bates scores
Alonso Ferreira to third
Batting: RHB Tony Morton 0-0: Ground out 6-3 (Groundball, 6)
Batting: LHB Mario García 0-0: Intentional Walk
Pinch Hitting: LHB José Berroa 0-0: Foul Ball, location: 2F
0-1: Ball
1-1: Ball
2-1: Grounds into double play, 6-4-3 (Groundball, 6)
Top of the 9th over - 2 run(s), 3 hit(s), 0 error(s), 2 left on base; Baffin Island 6 - Irvine 3
BOTTOM OF THE 9TH
Irvine Gang Green batting - Pitching for Baffin Island Beavers : RHP Bartolo García
Pitching: LHP Manny Sandoval
Now in LF: José Berroa
Batting: RHB José Salazar 0-0: Called Strike
0-1: Ground out 6-3 (Groundball, 6)
Batting: LHB Bill Murphy 0-0: Fly out, F8 (Line Drive, 8LD)
Batting: RHB Tom Doherty 0-0: Called Strike
0-1: Swinging Strike
0-2: Ball
1-2: Fly out, F8 (Line Drive, 89M)
Bottom of the 9th over - 0 run(s), 0 hit(s), 0 error(s), 0 left on base; Baffin Island 6 - Irvine 3
This league is powered by Out of the Park Baseball, the baseball management simulation game for PC, Mac and Linux
Tuesday, August 2nd, 2016 - OOTP Baseball 16.8 Build 38